 Dungeon Crawl Stone Soup version 0.26-a0-663-g36e8fdb655 (webtiles) character file.

Game seed: 6999701558906380444

152 jasper the Cudgeler (level 5, -3/32 HPs)
             Began as a Gargoyle Abyssal Knight on Oct 10, 2020.
             Was a Believer of Lugonu.
             Slain by an ice beast (5 damage)
             ... on level 6 of the Dungeon.
             The game lasted 00:08:16 (4473 turns).

jasper the Cudgeler (Gargoyle Abyssal Knight)       Turns: 4473, Time: 00:08:17

Health: -3/32      AC: 11    Str: 19 (22) XL:     5   Next: 34%
Magic:  6/6        EV:  2    Int: 17 (19) God:    Lugonu [**....]
Gold:   207        SH:  0    Dex:  0 (17) Spells: 4/4 levels left

rFire    + . .     SeeInvis .   g - +0 flail
rCold    + . .     Faith    .   k - +3 kite shield of Raxueppe {*Drain Int+6 Dex+8}
rNeg     + . .     Spirit   .   h - +1 scale mail
rPois    ∞         Reflect  .   (no helmet)
rElec    +         Harm     .   c - scarf {shadows}
rCorr    +         Rampage  .   (no gloves)
MR       .....                  (no boots)
Stlth    ..........             f - amulet of the acrobat
HPRegen  0.10/turn              d - ring of flight
MPRegen  0.10/turn              w - +6 ring of strength

@: resistant, slowed, lost dexterity, very slow
A: negative energy resistance 1, electricity resistance, unbreathing,
petrification resistance, rot immunity, AC +4
a: Depart the Abyss, Bend Space, Renounce Religion, Evoke Flight


You were on level 6 of the Dungeon.
You worshipped Lugonu.
Lugonu was pleased with you.
You visited 2 branches of the dungeon, and saw 7 of its levels.
You visited the Abyss 1 time.

You collected 207 gold pieces.

Inventory:

Hand Weapons
 a - a +2 mace
 g - a +0 flail (weapon)
Missiles
 j - 133 stones
 o - 8 poisoned darts (quivered)
Armour
 b - a +0 leather armour
 c - a scarf of shadows (worn)
 h - a +1 scale mail (worn)
 k - the +3 kite shield of Raxueppe (worn) {*Drain Int+6 Dex+8}
   (You found it on level 5 of the Dungeon)

   It affects your intelligence (+6).
   It affects your dexterity (+8).
   It causes draining when unequipped.
Jewellery
 d - a ring of flight (left hand)
 f - an amulet of the acrobat (around neck)
 i - an uncursed ring of ice
 w - a +6 ring of strength (right hand)
Scrolls
 l - a scroll of immolation
 m - 2 scrolls of remove curse
 p - 2 scrolls of magic mapping
Potions
 e - a potion of resistance
 n - 2 potions of degeneration
 q - a potion of mutation {unknown}


   Skills:
 - Level 3.2 Fighting
 + Level 5.4 Maces & Flails
 - Level 2.1 Armour
 - Level 0.7 Dodging
 - Level 2.0 Invocations


You had 4 spell levels left.
You didn't know any spells.
Your spell library was empty.

Dungeon Overview and Level Annotations

Branches:
Dungeon (6/15)             Temple (1/1) D:5

Altars:
Elyvilon
Ru
Zin
The Shining One

Annotations:
D:4 exclusion: door


Innate Abilities, Weirdness & Mutations

You are resistant to torment.
Your stone body is resilient. (AC +4)
You are immune to poison.
You resist negative energy. (rN+)
You are resistant to electric shocks. (rElec)
You can survive without breathing.
You are immune to petrification.
You are immune to rotting.


Message History

The ice beast freezes you. You resist.
You take 8 damage, and have 16/32 hp.
MASSIVE DAMAGE!!
You are too injured to fight recklessly!
You barely miss the ice beast.
The ice beast hits you but does no damage. x2
Unknown command.
You sock the ice beast!
The ice beast is moderately wounded.
The ice beast hits you but does no damage.
The ice beast hits you. The ice beast freezes you. You resist.
You take 6 damage, and have 10/32 hp.
Unknown command.
You closely miss the ice beast.
The ice beast is moderately wounded.
The ice beast hits you. The ice beast freezes you. You resist.
* * * LOW HITPOINT WARNING * * *
The ice beast hits you.
* * * LOW HITPOINT WARNING * * *
The ice beast freezes you. You resist.
You die...

...............########.
.......#########....#...
.......#...#........#...
.......#...#........#...
.......'...#........#...
.......#...#........#...
.......##'#####'#####...
.....................###
.......@.............#
#######I.............#
.'..............#
..#..............#
..#.............## ..
#.............# ...
#(......


You could see an ice beast.

Vanquished Creatures
  2 orc priests
  2 adders (D:3)
  A white imp (D:5)
  2 adder skeletons
  2 worms (D:2)
  2 dart slugs
  2 leopard geckos (D:4)
  4 orcs (D:4)
  2 giant cockroaches (D:1)
  5 goblins
  5 hobgoblins
  7 kobolds
  A quokka (D:3)
  A ball python (D:5)
  7 bats
  2 frilled lizards
  9 rats
56 creatures vanquished.

Vanquished Creatures (others)
  A worker ant (D:5)
  An adder (D:5)
  2 leopard geckos (D:5)
  A jackal (D:5)
  A ball python (D:5)
  A frilled lizard (D:5)
7 creatures vanquished.

Grand Total: 63 creatures vanquished

Notes
Turn   | Place    | Note
-------+----------+-------------------------------------------
     0 | Abyss:1  | jasper the Gargoyle Abyssal Knight began the quest for the
                  | Orb.
     0 | Abyss:1  | Reached XP level 1. HP: 14/14 MP: 2/2
     0 | Abyss:1  | Found a corrupted altar of Lugonu.
   109 | Abyss:1  | Noticed a bone dragon
   110 | D:1      | Escaped the Abyss
   191 | D:1      | Reached * piety under Lugonu
   256 | D:1      | Reached XP level 2. HP: 18/19 MP: 3/3
   389 | D:1      | Reached skill level 3 in Maces & Flails
   827 | D:1      | Found a sacrificial altar of Ru.
  1268 | D:2      | Reached XP level 3. HP: 23/23 MP: 4/4
  1706 | D:2      | Found a glowing golden altar of the Shining One.
  1706 | D:2      | Found a glowing silver altar of Zin.
  1707 | D:2      | Found a white marble altar of Elyvilon.
  1998 | D:3      | Reached skill level 4 in Maces & Flails
  2205 | D:3      | Reached XP level 4. HP: 28/28 MP: 5/5
  2470 | D:2      | Reached ** piety under Lugonu
  2784 | D:4      | Reached skill level 5 in Maces & Flails
  2784 | D:4      | Reached XP level 5. HP: 14/32 MP: 6/6
  3163 | D:4      | Noticed an ice beast
  3215 | D:5      | Entered Level 5 of the Dungeon
  3220 | D:5      | Found a staircase to the Ecumenical Temple.
  3452 | Temple   | Entered the Ecumenical Temple
  3467 | Temple   | Lost dexterity.
  3483 | Temple   | HP: 1/32 [quasit (2)]
  3850 | D:5      | Noticed a sky beast
  4102 | D:5      | Got a transparent kite shield
  4114 | D:5      | Identified the +3 kite shield of Raxueppe {*Drain Int+6
                  | Dex+8} (You found it on level 5 of the Dungeon)
  4465 | D:6      | Noticed an ice beast
  4473 | D:6      | Slain by an ice beast

Illustrated notes

Levels and vault maps discovered:
D:1:      sevenhm_arrival_forest_fort_small_6, layout_basic, serial_forest,
          infiniplex_forest_clump_C, infiniplex_forest_end_2,
          infiniplex_forest_clump_tiny, infiniplex_forest_join,
          infiniplex_forest_end_2, infiniplex_forest_join,
          infiniplex_forest_clump_long
D:2:      layout_basic, good_gods_mini_temple
D:3:      layout_loops_cross, marbit_many_paths, minmay_misc_feat_encased
D:4:      layout_rooms, nemelex_altar_shiori, minmay_divided_ellipse,
          uniq_sigmund
D:5:      layout_layer_cave, old_standard_altar, grunt_gozag_statues,
          xom_confusion_cloud, minmay_temple_entry_stoned_glass,
          kennysheep_generic_room_8, uniq_menkaure, uniq_edmund
D:6:      layout_gridville, corner_web_ring
Temple:   jpeg_temple_island

Skill      XL: |  1  2  3  4 |
---------------+-------------+-----
Maces & Flails | 3 4 5 |  5.4
Fighting       | |  3.2
Armour         | |  2.1
Dodging        | |  0.7
Invocations    | |  2.0

Action                   |  1- 3 |  4- 6 || total
-------------------------+-------+-------++-------
Melee: Mace              |   140 |    57 ||   197
       Flail             |       |    70 ||    70
Throw: Stone             |    10 |     4 ||    14
       Dart              |     3 |    25 ||    28
Invok: Depart the Abyss  |     1 |       ||     1
  Use: Potion            |       |     8 ||     8
       Scroll            |       |    12 ||    12
Armor: Leather armour    |     9 |       ||     9
       Scale mail        |    56 |   258 ||   314
Dodge: Dodged            |    81 |   108 ||   189

Table legend: (Time is in decaauts)
 A = Elapsed time spent in this place.
 B = Non-inter-level travel time spent in this place.
 C = Inter-level travel time spent in this place.
 D = Time resting spent in this place.
 E = Time spent auto-exploring this place.
 F = Levels seen in this place.
 G = Mean time per level.
                   A        B        C        D        E       F      G
               +--------+--------+--------+--------+--------+-----+--------+
         Total |   5011 |   4980 |     31 |   1636 |   2378 |   8 |  626.4 |
       Dungeon |   4825 |   4794 |     31 |   1636 |   2278 |   6 |  804.2 |
        Temple |     76 |     76 |      0 |      0 |      0 |   1 |   76.0 |
         Abyss |    109 |    109 |      0 |      0 |    100 |   1 |  109.0 |
               +--------+--------+--------+--------+--------+-----+--------+

Top non-repeatable levels by time:
     D:5: 1144 daAuts
     D:2: 1047 daAuts
     D:1: 983 daAuts
     D:3: 563 daAuts
     D:4: 549 daAuts
     D:6: 538 daAuts
 Abyss:1: 109 daAuts
  Temple: 76 daAuts
